Map: 뉴 리퍼그넌시 - 래더

Players

DnS

  • Race: Protoss Protoss
  • Spawn Location: 1:00

Neeb - Winner!

  • Race: Protoss Protoss
  • Spawn Location: 7:00

Event: 2019 WCS Spring

VOD

Have the link to the VOD?

Description

Time

  • Played on: May 17, 2019, 2:41 p.m.
  • Length: 9:08

All games in this series

Show
View Real Time Build Order
Export as new Build Order

DnS Protoss 

Build Orders: Zealot Archon 

Get SALT Encoding   

  12  0:00  Probe  
  13  0:12  Probe  
  14  0:17  Pylon  
  14  0:24  Probe  
  15  0:32  Probe  
  15  0:37  Gateway  
  15  0:40  Probe  
  16  0:46  Assimilator  
  17  0:51  Probe  
  17  0:54  Assimilator  
  18  1:00  Probe  
  19  1:07  Gateway  
  19  1:08  Probe  
  19  1:17  Probe  
  20  1:24  Cybernetics Core  
  21  1:29  Probe  
  22  1:35  Pylon  
  22  1:41  Probe  
  23  1:53  Probe  
  24  2:01  Stalker x2  
  28  2:02  Warp Gate  
  28  2:10  Pylon  
  28  2:19  Pylon  
  28  2:31  Stalker  
  28  2:33  Stalker  
  32  3:01  Nexus  
  32  3:04  Sentry x2  
  36  3:08  Probe  
  37  3:17  Pylon  
  37  3:23  Robotics Facility  
  37  3:24  Probe  
  38  3:35  Shield Battery  
  38  3:36  Probe  
  39  3:48  Probe  
  40  3:57  Stalker, Sentry  
  40  4:00  Probe  
  45  4:09  Probe  
  45  4:10  Probe  
  45  4:11  Observer  
  48  4:17  Probe  
  48  4:18  Probe  
  50  4:26  Probe  
  50  4:28  Probe  
  50  4:30  Forge  
  52  4:32  Warp Prism  
  52  4:36  Probe  
  52  4:37  Probe  
  54  4:44  Probe  
  56  4:48  Probe  
  58  4:53  Probe  
  58  4:58  Probe  
  58  4:59  Assimilator  
  59  5:00  Assimilator, Pylon  
  59  5:05  Probe  
  59  5:06  Immortal  
  61  5:11  Protoss Ground Weapons Level 1, Shield Battery  
  61  5:15  Probe  
  61  5:20  Probe  
  67  5:26  Twilight Council  
  67  5:27  Probe  
  68  5:32  Probe  
  69  5:39  Pylon  
  69  5:53  Pylon  
  69  5:55  Immortal  
  69  5:57  Gateway  
  69  5:58  Gateway  
  73  6:05  Charge  
  73  6:09  Gateway  
  73  6:11  Gateway  
  73  6:16  Templar Archives  
  73  6:20  Gateway  
  73  6:21  Gateway  
  73  6:27  Zealot  
  73  6:28  Zealot, Pylon  
  77  6:45  Immortal  
  81  6:52  Pylon  
  81  6:55  High Templar x3  
  81  6:56  High Templar  
  81  6:57  Pylon  
  81  7:00  Archon x2  
  88  7:16  Zealot x3  
  88  7:17  Zealot  
  96  7:25  Archon  
  96  7:30  Zealot x4  
  96  7:34  Pylon  
  96  7:35  Pylon  
  103  7:40  High Templar  
  103  7:41  Zealot, High Templar  
  108  7:45  Archon  
  108  7:50  Zealot x4  
  90  8:04  Zealot x2  
  86  8:14  Zealot, High Templar x2  
  86  8:15  Zealot x3  
  98  8:21  Archon  
  98  8:27  Nexus  
  98  8:28  Pylon  
  98  8:31  High Templar x2  
  102  8:35  Archon  
  102  8:40  Zealot x2  
  102  8:41  Zealot  
  84  8:51  Zealot  
  84  8:52  Zealot x2  
  68  9:02  Zealot x3  
Show
View Real Time Build Order
Export as new Build Order

Neeb Protoss - Winner!

Build Orders: Phoenix Opening, Zealot Archon 

Get SALT Encoding   

  12  0:00  Probe  
  13  0:12  Probe  
  14  0:17  Pylon  
  14  0:24  Probe  
  15  0:32  Probe  
  15  0:37  Gateway  
  15  0:40  Probe  
  16  0:46  Assimilator  
  17  0:51  Probe  
  17  0:55  Assimilator  
  18  0:59  Probe  
  19  1:07  Probe  
  19  1:08  Gateway  
  19  1:17  Probe  
  21  1:25  Cybernetics Core  
  21  1:29  Probe  
  22  1:35  Pylon  
  22  1:41  Probe  
  23  1:52  Warp Gate  
  23  1:53  Probe  
  24  2:02  Stalker  
  24  2:05  Probe  
  24  2:08  Sentry  
  29  2:11  Pylon  
  29  2:18  Probe  
  30  2:27  Pylon  
  30  2:32  Stalker  
  30  2:36  Stalker  
  34  2:57  Nexus  
  34  2:59  Probe  
  34  3:03  Sentry  
  37  3:13  Probe, Pylon  
  38  3:25  Probe, Forge  
  39  3:34  Probe  
  39  3:36  Phoenix  
  39  3:37  Shield Battery  
  40  3:42  Probe  
  40  3:43  Sentry  
  40  3:48  Stalker  
  45  3:51  Probe  
  46  4:02  Protoss Ground Weapons Level 1  
  46  4:03  Probe  
  46  4:09  Probe  
  48  4:10  Robotics Facility  
  48  4:15  Probe  
  49  4:22  Probe  
  50  4:27  Probe  
  50  4:30  Adept x2  
  55  4:32  Probe  
  55  4:37  Pylon  
  56  4:39  Probe  
  56  4:40  Probe  
  56  4:41  Assimilator  
  56  4:43  Assimilator  
  58  4:48  Probe, Pylon  
  58  4:52  Probe  
  60  4:53  Observer  
  61  5:01  Pylon  
  61  5:03  Twilight Council  
  61  5:04  Probe x2  
  63  5:07  Immortal  
  67  5:17  Gateway  
  67  5:21  Gateway  
  67  5:31  Gateway  
  67  5:32  Gateway  
  67  5:37  Pylon  
  67  5:39  Charge  
  67  5:41  Warp Prism  
  67  5:42  Templar Archives  
  69  5:56  Probe, Pylon  
  70  6:06  Protoss Ground Weapons Level 2  
  70  6:10  Gateway  
  70  6:11  Gateway  
  70  6:20  Gateway  
  70  6:23  Gateway  
  70  6:28  Zealot x2  
  74  6:44  High Templar x4  
  74  6:46  Nexus  
  82  6:48  Archon  
  82  6:49  Archon  
  82  6:51  Pylon  
  82  6:52  Zealot  
  84  6:54  Zealot  
  86  7:07  High Templar x2  
  90  7:13  Zealot, Archon  
  90  7:15  Zealot  
  94  7:16  Zealot x3  
  94  7:17  Zealot  
  102  7:24  Pylon  
  102  7:30  Pylon  
  102  7:39  Zealot x4  
  109  7:46  Pylon  
  109  7:50  Zealot x3  
  96  7:58  Zealot  
  80  8:15  High Templar x4  
  80  8:17  Zealot x3  
  80  8:19  Archon x2  
  94  8:37  Zealot x4  
  102  8:43  Zealot x2  
  102  8:47  Zealot x2  
  102  8:55  Zealot x2  
  102  8:59  Zealot  
  102  9:00  Zealot  
  102  9:06  Zealot x2  
Tags
 
Add a new tag
Caveats
  • Supply blocks, unpowered buildings, or Contaminate may cause inaccurate times.
  • Supply counts are checked every 10 seconds.